 Dungeon Crawl Stone Soup version 0.32-a0-859-gb0a091d592 (webtiles) character file.

Game seed: 4090885583782108850

5 ytrimaz the Ruffian (level 1, -1/13 HPs)
             Began as an Octopode Shapeshifter on Mar 27, 2024.
             Slain by a quokka (3 damage)
             ... on level 1 of the Dungeon.
             The game lasted 00:00:07 (60 turns).

ytrimaz the Ruffian (Octopode Shapeshifter)           Turns: 60, Time: 00:00:08

Health: -1/13      AC:  1    Str: 13    XL:     1   Next: 80%
Magic:  1/1        EV: 12    Int: 12    God:
Gold:   0          SH:  0    Dex: 11    Spells: 0/0 levels left

rFire   . .          .
                       - Unarmed
rCold   . . .        (no shield)
rNeg    . . .        (helmet currently unavailable)
rPois   .            (no amulet)
rElec   .            (no ring)
rCorr   .            (no ring)
SInv    .            (no ring)
Will    .....        (no ring)
Stlth   ++           (no ring)
HPRegen 0.22/turn    (no ring)
MPRegen 0.07/turn    (no ring)
                     (no ring)

%: no passive effects
@: beast-form
A: beast (slay +1), almost no armour, amphibious, 8 rings, camouflage 1,
gelatinous body 1, (nimble swimmer 1), tentacles
a: Begin Untransformation


You were on level 1 of the Dungeon.
You were a hulking beast.
You visited 1 branch of the dungeon, and saw 1 of its levels.


Innate Abilities, Weirdness & Mutations

You are a hulking beast.
Your limbs bulge with bestial killing power. (Slay +1)
You cannot wear most types of armour.
You are amphibious.
You can wear up to eight rings at the same time.
Your skin changes colour to match your surroundings (Stealth+).
Your rubbery body absorbs attacks. (AC +1, EV +1)
((You are camouflaged when in or above water. (Stealth+)))
You have tentacles for arms and can constrict up to eight enemies at once.


   Skills:
 - Level 1.0 Fighting
 - Level 2.0 Dodging
 * Level 3.2 Unarmed Combat
 + Level 3.1 Shapeshifting


You couldn't memorise any spells.
You didn't know any spells.
Your spell library was empty.

Inventory:

Talismans
 b - a beast talisman (active)
 c - a flux talisman
Scrolls
 d - a scroll of enchant weapon {unknown}
Potions
 a - a potion of lignification

Dungeon Overview and Level Annotations

Branches:
Dungeon (1/15) Zot: 5939

Altars:

P.....~~PP≈~~≈..'........#
..>.~~~PPP~~....#........#
[..~~PPP~~~....♣#........#
..~~≈~~~~.....♣ ##..######
≈~~~..<.....♣♣ #...#
######'###### #..##
............# ##..#
.#..........# #...#
.......>....# #h#.#
#...........####r#.#
####.#########..)#.# #.#
#......)...# #.#
#..........# #.#
#..........# #...?......#
...........# ...........#


You could see a quokka.


Message History

🤖 Initializing magus.rc ...
Options error: Delay interrupt name "hungry" not recognised. (ytrimaz.rc:4375) Bad monster_list_colour key: strict_neutral Options error: Unknown color in colour mapping: 'purle:scroll.*immolation' Bad channel name 'pray' for runrest: 'pray:' Options error: Missing colour in message_colour setting: 'that.*feels deathly cold' Options error: Missing colour in message_colour setting: 'and you must be Full or above to equip it' Options error: Missing colour in message_colour setting: 'but rights himself reflexively soon after' Options error: Missing colour in message_colour setting: 'before it is too late' ✅ Successfully initialized magus.rc [v1.9.6] Welcome, ytrimaz the Octopode Shapeshifter.
If you return without finding the Orb of Zot, so far below, it's all over!
Press ? for a list of commands and other information.
Found a ring mail.
Found two stairs.
You open the door.
Found a stone staircase leading down.
There is an open door here.
d - a scroll labelled BUUMOI MAAF No target in view!
There is an open door here.
You enter the deep water.
You open the door.
There is an open door here.
A ball python comes into view.
A ball python is nearby!
Unknown command.
A ball python is nearby!
A ball python is nearby!
The helpless ball python fails to defend itself.
You bludgeon the ball python!
You kill the ball python!
Unknown command.
No target in view!
Unknown command.
No target in view!
You open the door.
There is an open door here.
A bat and a goblin come into view.
There are monsters nearby!
There are monsters nearby!
There are monsters nearby!
A rat and a goblin come into view.
The rat squeaks loudly.
The goblin shouts!
The bat hits you.
You see here a fuming grey potion. 😕 HP[-1]
You take 1 damage, and now have 12/13 hp.
A quokka comes into view.
The bat closely misses you.
You closely miss the goblin.
The goblin shouts!
Your grab misses the goblin. The bat closely misses you.
The goblin hits you with a +0 club. 😕 HP[-2]
You take 2 damage, and now have 10/13 hp.
Unknown command.
You tentacle-slap the goblin. Your grab misses the goblin. The bat hits you.
The goblin barely misses you.
You barely miss the goblin. You grab the goblin. You squeeze the goblin.
You kill the goblin!
The bat hits you but does no damage.
Unknown command.
You see here a fuming grey potion.
The rat attacks as it pursues you! The rat misses you.
You tentacle-slap the rat.
You kill the rat!
The bat hits you but does no damage.
Unknown command.
The quokka bites you. The bat hits you but does no damage.
You see here a fuming grey potion.
You tentacle-slap the bat.
You kill the bat!
The quokka misses you.
You barely miss the quokka. Your grab misses the quokka. The quokka bites you.
The goblin completely misses you.
The quokka completely misses you. 😮 HP[-3]
You take 3 damage, and now have 7/13 hp.
MASSIVE DAMAGE!! (PAUSE)
You barely miss the goblin. Your grab misses the goblin. The quokka bites you.
* * * LOW HITPOINT WARNING * * *
The goblin barely misses you. 😱 HP[-4]
You take 4 damage, and now have 3/13 hp.
MASSIVE DAMAGE!! (PAUSE)
You are too injured to fight recklessly!
You tentacle-slap the goblin. You grab the goblin. You constrict the goblin.
You kill the goblin!
The quokka bites you.
* * * LOW HITPOINT WARNING * * *
😱 HP[-2]
You take 2 damage, and now have 1/13 hp.
Unknown command.
The quokka attacks as it pursues you!
The quokka barely misses you. 😱 HP[+1] Unknown command.
You closely miss the quokka. Your grab misses the quokka.
You squeeze the quokka. The quokka bites you.
You die...

Action                     || total
---------------------------++-------
  Melee: Unarmed           ||    10
         Constrict         ||     2
         Tentacles         ||     2
   Stab: Sleeping          ||     1
 Armour: Skin              ||    11
  Dodge: Dodged            ||     9

Levels and vault maps discovered:
D:1:      tarquinn_simple_flora_water_c, layout_rooms,
          dreamdust_ecumenical_altar_hidden_monk_grotto, chequers_avenue,
          minivault_26, minmay_indecisive_spiral

Notes
Turn   | Place    | Note
-------+----------+-------------------------------------------
     0 | D:1      | ytrimaz the Octopode Shapeshifter began the quest for the
                  | Orb.
     0 | D:1      | Reached XP level 1. HP: 13/13 MP: 1/1
     0 | D:1      | magus.rc [v1.9.6]
    57 | D:1      | HP: 3/13 [quokka (4)]
    58 | D:1      | HP: 1/13 [quokka (2)]
    60 | D:1      | Slain by a quokka

Vanquished Creatures
  A bat (D:1)
  2 goblins (D:1)
  A ball python (D:1)
  A rat (D:1)
5 creatures vanquished.

Table legend:
 A = Non-vault XP
 B = Vault XP
 C = Vault XP percentage of total XP
 D = Non-vault monster count
 E = Vault monster count
 F = Vault count percentage of total count
                 A         B        C        D         E       F
            +---------+---------+-------+---------+---------+-------
      Total |       8 |       0 |   0.0 |       5 |       0 |   0.0
            +---------+---------+-------+---------+---------+-------
        D:1 |       8 |       0 |   0.0 |       5 |       0 |   0.0
            +---------+---------+-------+---------+---------+-------

Action                     || total
---------------------------++-------
  Melee: Unarmed           ||    10
         Constrict         ||     2
         Tentacles         ||     2
   Stab: Sleeping          ||     1
 Armour: Skin              ||    11
  Dodge: Dodged            ||     9

Illustrated notes

Table legend:
 A = Kills in this place as a percentage of kills in the entire game.
 B = Kills by you in this place as a percentage of kills by you in the entire game.
 C = Kills by friends in this place as a percentage of kills by friends in the entire game.
 D = Other kills in this place as a percentage of other kills in the entire game.
 E = Experience gained in this place as a percentage of experience gained in the entire game.
 F = Experience gained in this place divided by the number of levels of this place that you have seen.
                   A       B       C       D       E      F
               +-------+-------+-------+-------+-------+----------------------
         Total | 100.0 | 100.0 |   N/A |   N/A | 100.0 |   8.0
       Dungeon | 100.0 | 100.0 |   N/A |   N/A | 100.0 |   8.0
               +-------+-------+-------+-------+-------+----------------------

Table legend: (Time is in decaauts)
 A = Elapsed time spent in this place.
 B = Non-inter-level travel time spent in this place.
 C = Inter-level travel time spent in this place.
 D = Time resting spent in this place.
 E = Time spent auto-exploring this place.
 F = Levels seen in this place.
 G = Mean time per level.
                   A        B        C        D        E       F      G
               +--------+--------+--------+--------+--------+-----+--------+
         Total |     59 |     59 |      0 |      0 |     35 |   1 |   59.0 |
       Dungeon |     59 |     59 |      0 |      0 |     35 |   1 |   59.0 |
               +--------+--------+--------+--------+--------+-----+--------+

Top non-repeatable levels by time:
     D:1: 59 daAuts
